 Dungeon Crawl Stone Soup version 0.29.0-4-gdea44cf6ec (webtiles) character file.

Game seed: 7826055675840044671

104 qw the Ruffian (level 4, -6/36 HPs)
             Began as a Ghoul Fire Elementalist on Aug 29, 2022.
             Mangled by an ogre
             ... wielding a +0 giant spiked club
              (7 damage)
             ... on level 4 of the Dungeon.
             The game lasted 00:03:01 (3608 turns).

qw the Ruffian (Ghoul Fire Elementalist)            Turns: 3608, Time: 00:03:01

Health: -6/36      AC: 13    Str: 13    XL:     4   Next: 80%
Magic:  5/5        EV:  6    Int: 10    God:
Gold:   160        SH:  0    Dex: 14    Spells: 5/6 levels left

rFire   . . .      SeeInvis .     - Unarmed
rCold   + . .      Faith    .   (no shield)
rNeg    + + +      Spirit   .   d - +0 chain mail
rPois   inf        Reflect  .   j - +0 helmet
rElec   .          Harm     .   m - +0 cloak
rCorr   .          Rampage  .   c - +0 pair of gloves
Will    +....                   b - +1 pair of boots of Byachav {Dex+5}
Stlth   ..........              (no amulet)
HPRegen 0.00/turn               h - ring of willpower
MPRegen 0.09/turn               (no ring)

@: about to teleport, inhibited regen
A: claws 1, cold resistance 1, negative energy resistance 3, inhibited
regeneration, torment resistance 2, devour on kill
a: no special abilities


You were on level 4 of the Dungeon.
You visited 1 branch of the dungeon, and saw 4 of its levels.

You collected 160 gold pieces.


Innate Abilities, Weirdness & Mutations

You are immune to poison.
You have sharp fingernails.
Your flesh is cold resistant. (rC+)
You are immune to negative energy. (rN+++)
You do not regenerate when monsters are visible.
You are immune to unholy pain and torment.
You thrive by killing the living.


   Skills:
 - Level 1.8 Fighting
 + Level 0.5 Armour
 - Level 1.7 Dodging
 - Level 2.1 Stealth
 - Level 4.0 Unarmed Combat
 - Level 1.7 Spellcasting
 - Level 0.7 Conjurations
 - Level 2.4 Fire Magic


You had 5 spell levels left.
You knew the following spells:

 Your Spells              Type           Power      Damage    Failure   Level
a - Foxfire               Conj/Fire      16%        2x1d4     99%         1

Your spell library contained the following spells:

 Spells                   Type           Power      Damage    Failure   Level
 Scorch                   Fire           10%        2d5       100%        2
 Conjure Flame            Conj/Fire      4%         6-21      100%        3
 Inner Flame              Hex/Fire       3%         N/A       100%        3
 Flame Wave               Conj/Fire      4%         2d5       100%        4

Inventory:

Missiles
 k - 2 javelins (quivered)
Armour
 a - an orb of light
 b - the +1 pair of boots of Byachav (worn) {Dex+5}
   (You acquired it on level 4 of the Dungeon)

   Dex:       It affects your dexterity (+5).
 c - a +0 pair of gloves (worn)
 d - a +0 chain mail (worn)
 j - a +0 helmet (worn)
 m - a +0 cloak (worn)
Jewellery
 e - a ring of fire
 h - a ring of willpower (left hand)
 l - a ring of resist corrosion
Scrolls
 g - a scroll of identify
Potions
 f - a potion of attraction {unknown}
 i - a potion of berserk rage {unknown}
 o - a potion of flight {unknown}
 q - a potion of cancellation {unknown}
 r - 2 potions of heal wounds {unknown}

Dungeon Overview and Level Annotations

Branches:
Dungeon (4/15)
 Temple: D:4-7

Altars:
Gozag
Hepliaklqana
Vehumet


Message History

An ogre is nearby!
Throw: 4 javelins
Press: ? - help, Q - select action Shift-Dir - straight line, f - ogre You throw a javelin.
The javelin pierces through the ogre!
The ogre is moderately wounded.
Throw: 3 javelins
Press: ? - help, Q - select action Shift-Dir - straight line, f/p - ogre You throw a javelin.
The javelin pierces through the ogre.
The ogre is heavily wounded.
A scorpion comes into view.
An endoplasm comes into view.
3598 ||| Stepping ~*~*~tactically~*~*~ (stealth).
You hit the ogre.
The ogre is severely wounded.
The ogre hits you with a +0 giant spiked club!
The endoplasm quivers.
You hit the ogre but do no damage.
The ogre is severely wounded.
You hit the ogre but do no damage.
The ogre is severely wounded.
The ogre hits you with a +0 giant spiked club!
You hit the ogre.
The ogre is severely wounded.
You hit the ogre.
The ogre is almost dead.
The ogre barely misses you.
You hit the ogre. Your punch misses the ogre.
The ogre is almost dead.
The ogre barely misses you.
You hit the ogre but do no damage.
The ogre is almost dead.
You hit the ogre.
The ogre is almost dead.
The ogre hits you with a +0 giant spiked club!
3607 ||| READING scroll of teleportation.
As you read the scroll of teleportation, it crumbles to dust.
You feel strangely unstable.
You hit the ogre but do no damage.
The ogre is almost dead.
The ogre hits you with a +0 giant spiked club!
You die...

*,,,,,,,,*#.,..s,,**,,,,,,,,,*
*,,,,,,,,*#.,..,,,**,*+***+*,*
*,,,,,,,,*#(,J.,,,**,*,***,*,*
*,,,,,,,,*#.#.,,****,*,,,,,*,,
*,,,,,,,,*#(..,,,* *,*********
*,,,,,,,,,,.J#**,* *,,,,,,,,,,
****,,,,,,,#s# *,*#########***
*,,,,,,,#O##*,,,.......,,,,
*****,,,,,,,#.@#****#....#*****
*,,,,,,,,,,,#..######....#
*,,,,,,,,,,,#.......+....#
*,,,,,,,****##.######....# ***
*,,,,,,,######.%.........# *,.
*,,,,,,,#................####..
********#......................
#..................####
#........#.........#


You could see an ogre, a scorpion and an endoplasm.

Vanquished Creatures
  5 adders
  A worm (D:2)
  8 ball pythons
  4 endoplasms
  3 giant cockroaches
  5 goblins
  5 hobgoblins
  3 jackals
  3 quokkas
  3 bats
  2 frilled lizards (D:2)
  5 kobolds
  6 rats
53 creatures vanquished.

Notes
Turn   | Place    | Note
-------+----------+-------------------------------------------
     0 | D:1      | qw the Ghoul Fire Elementalist began the quest for the Orb.
     0 | D:1      | Reached XP level 1. HP: 14/14 MP: 2/2
     0 | D:1      | 0 ||| qw: Version: 0.1-a-90-g952f4b7
     0 | D:1      | 0 ||| qw: Game counter: 4126
     0 | D:1      | 0 ||| qw: Always use a shield: true
     0 | D:1      | 0 ||| qw: God list: Okawaru
     0 | D:1      | 0 ||| qw: Allow faded altars: false
     0 | D:1      | 0 ||| qw: Do Orc after D:15 true
     0 | D:1      | 0 ||| qw: Do second Lair branch before Depths: true
     0 | D:1      | 0 ||| qw: Lair rune preference: random
     0 | D:1      | 0 ||| qw: Plans: Normal
     0 | D:1      | 0 ||| PLANNING D:1-11
   163 | D:1      | Reached skill level 1 in Unarmed Combat
   228 | D:1      | Reached skill level 1 in Fighting
   228 | D:1      | Reached XP level 2. HP: 6/23 MP: 3/3
   750 | D:1      | 750 ||| Stepping ~*~*~tactically~*~*~ (stealth).
   751 | D:1      | 751 ||| Stepping ~*~*~tactically~*~*~ (stealth).
  1242 | D:1      | 1242 ||| UPGRADING to +0 pair of gloves.
  1247 | D:1      | 1247 ||| UPGRADING to ring of willpower.
  1248 | D:1      | 1248 ||| READING 2 scrolls labelled SEJIMEPSAA.
  1251 | D:1      | 1251 ||| READING scroll labelled NEPPOG KALI.
  1252 | D:1      | 1252 ||| READING scroll labelled PANOMNA TISA.
  1353 | D:1      | 1353 ||| READING scroll labelled NAEDEA TUGE ZOE.
  1354 | D:1      | 1354 ||| DROPPING potion of magic.
  1379 | D:2      | Reached skill level 2 in Unarmed Combat
  1379 | D:2      | Reached XP level 3. HP: 20/28 MP: 4/4
  1379 | D:2      | 1379 ||| STAIRDANCE
  1504 | D:2      | 1504 ||| Stepping ~*~*~tactically~*~*~ (stealth).
  1510 | D:2      | 1510 ||| Stepping ~*~*~tactically~*~*~ (stealth).
  1516 | D:2      | 1516 ||| Stepping ~*~*~tactically~*~*~ (stealth).
  1517 | D:2      | 1517 ||| Stepping ~*~*~tactically~*~*~ (stealth).
  1518 | D:2      | 1518 ||| Stepping ~*~*~tactically~*~*~ (stealth).
  1521 | D:2      | 1521 ||| Stepping ~*~*~tactically~*~*~ (outnumbered).
  1522 | D:2      | 1522 ||| Stepping ~*~*~tactically~*~*~ (stealth).
  1530 | D:2      | HP: 7/28 [kobold/+0 whip (4)]
  1531 | D:2      | 1531 ||| READING scroll of teleportation.
  1534 | D:2      | Found a faded altar of an unknown god.
  1813 | D:2      | Found a radiant altar of Vehumet.
  1840 | D:2      | 1840 ||| FLEEEEING.
  1841 | D:2      | 1841 ||| FLEEEEING.
  1946 | D:2      | 1946 ||| Stepping ~*~*~tactically~*~*~ (stealth).
  2196 | D:2      | Reached skill level 3 in Unarmed Combat
  2239 | D:2      | Found an opulent altar of Gozag.
  2243 | D:2      | 2243 ||| Stepping ~*~*~tactically~*~*~ (stealth).
  2244 | D:2      | 2244 ||| Stepping ~*~*~tactically~*~*~ (stealth).
  2609 | D:2      | You fall into a shaft and drop 2 floors!
  2627 | D:4      | Reached XP level 4. HP: 27/35 MP: 5/5
  2711 | D:4      | 2711 ||| DROPPING scarf of harm.
  2712 | D:4      | 2712 ||| DROPPING ring of wizardry.
  2713 | D:4      | 2713 ||| READING 2 scrolls labelled MOMEIS VYIMO.
  2714 | D:4      | 2714 ||| READING scroll labelled FALIGH CYUMN.
  2715 | D:4      | 2715 ||| READING scroll labelled GODWUT VIUSAA.
  2715 | D:4      | Identified a scroll of acquirement
  2715 | D:4      | 2715 ||| ACQUIRING +1 pair of boots of Byachav {Dex+5}
  2715 | D:4      | Acquired the +1 pair of boots of Byachav {Dex+5}
  2717 | D:4      | 2717 ||| UPGRADING to +1 pair of boots of Byachav {Dex+5}.
  2722 | D:4      | 2722 ||| READING scroll labelled JOQAZE MOZAG.
  2723 | D:4      | 2723 ||| READING scroll labelled CITUESS VOTURA.
  3033 | D:2      | 3033 ||| UPGRADING to +0 helmet.
  3038 | D:2      | 3038 ||| READING scroll labelled ZOOJUM URUM LONK.
  3039 | D:2      | 3039 ||| READING scroll labelled JAUCAPEMOSO.
  3109 | D:3      | 3109 ||| Stepping ~*~*~tactically~*~*~ (stealth).
  3111 | D:3      | 3111 ||| Stepping ~*~*~tactically~*~*~ (stealth).
  3113 | D:3      | 3113 ||| Stepping ~*~*~tactically~*~*~ (stealth).
  3115 | D:3      | 3115 ||| Stepping ~*~*~tactically~*~*~ (stealth).
  3208 | D:3      | Reached skill level 4 in Unarmed Combat
  3362 | D:3      | 3362 ||| Stepping ~*~*~tactically~*~*~ (stealth).
  3446 | D:3      | Found a hazy altar of Hepliaklqana.
  3449 | D:3      | 3449 ||| UPGRADING to +0 chain mail.
  3459 | D:3      | 3459 ||| DROPPING +0 robe.
  3460 | D:3      | 3460 ||| UPGRADING to +0 cloak.
  3465 | D:3      | 3465 ||| READING scroll labelled KOM DUGRICVE.
  3466 | D:3      | 3466 ||| READING scroll labelled ANLAKL WUALAQYS.
  3594 | D:4      | Noticed an ogre
  3597 | D:4      | Noticed a scorpion
  3598 | D:4      | 3598 ||| Stepping ~*~*~tactically~*~*~ (stealth).
  3606 | D:4      | HP: 1/36 [ogre/+0 giant spiked club (17)]
  3607 | D:4      | 3607 ||| READING scroll of teleportation.
  3608 | D:4      | Mangled by an ogre

Levels and vault maps discovered:
D:1:      dpeg_arrival_rooms_with_view, layout_loops_ring
D:2:      layout_rooms, ebering_ecumenical_altar_rust, basic_altar,
          minmay_hexomino_r4
D:3:      layout_rooms, nicolae_hepliaklqana_hippocampus,
          minmay_shallow_snake_nest
D:4:      layout_basic

Skill      XL: |  1  2  3  4 |
---------------+-------------+-----
Unarmed Combat | 1 2 3 4 |  4.0
Fighting       | 1 |  1.8
Armour         | |  0.5
Dodging        | |  1.7
Stealth        | |  2.1
Spellcasting   | |  1.7
Conjurations   | |  0.7
Fire Magic     | |  2.4

Action                   |  1- 3 |  4- 6 || total
-------------------------+-------+-------++-------
Melee: Unarmed           |   192 |    66 ||   258
       Punch             |     1 |     1 ||     2
Throw: Javelin           |       |     7 ||     7
  Use: Scroll            |     5 |    10 ||    15
Armor: Robe              |    40 |    14 ||    54
       Chain mail        |       |     4 ||     4
Dodge: Dodged            |   123 |    33 ||   156

Table legend:
 A = Non-vault XP
 B = Vault XP
 C = Vault XP percentage of total XP
 D = Non-vault monster count
 E = Vault monster count
 F = Vault count percentage of total count
                 A         B        C        D         E       F
            +---------+---------+-------+---------+---------+-------
      Total |     121 |      28 |  18.8 |      44 |       9 |  17.0
            +---------+---------+-------+---------+---------+-------
        D:1 |      22 |       4 |  15.4 |      15 |       2 |  11.8
        D:2 |      71 |       8 |  10.1 |      20 |       4 |  16.7
        D:3 |       8 |      16 |  66.7 |       5 |       3 |  37.5
        D:4 |      20 |       0 |   0.0 |       4 |       0 |   0.0
            +---------+---------+-------+---------+---------+-------
